 Dungeon Crawl Stone Soup version 0.28.0-53-g5a82cb258f (webtiles) character file.

Game seed: 5911394313175207000

532 Nyth the Skirmisher (level 7, -3/61 HPs)
             Began as a Minotaur Berserker on Aug 9, 2022.
             Was a Believer of Trog.
             Slain by an orc warrior
             ... wielding a +0 trident
              (7 damage)
             ... on level 4 of the Dungeon.
             The game lasted 00:08:22 (5230 turns).

Nyth the Skirmisher (Minotaur Berserker)            Turns: 5230, Time: 00:08:25

Health: -3/61      AC: 11    Str: 21      XL:     7   Next: 4%
Magic:  6/6        EV:  9    Int:  2 (4)  God:    Trog [**....]
Gold:   118        SH:  0    Dex: 10 (12) Spells: 6/6 levels left

rFire   + . .      SeeInvis .   j - +3 long sword (protect)
rCold   . . .      Faith    .   (no shield)
rNeg    + . .      Spirit   .   i - +2 chain mail {rF+}
rPois   .          Reflect  .   (helmet restricted)
rElec   .          Harm     .   (no cloak)
rCorr   .          Rampage  .   (no gloves)
Will    ++...                   (no boots)
Stlth   ..........              (no amulet)
HPRegen 1.20/turn               g - ring of positive energy
MPRegen 0.10/turn               (no ring)

@: about to teleport, strong-willed, on berserk cooldown, regenerating, slowed,
very slow
A: horns 2, retaliatory headbutt
a: Renounce Religion, Berserk, Trog's Hand


You were on level 4 of the Dungeon.
You worshipped Trog.
Trog was pleased with you.
You visited 1 branch of the dungeon, and saw 4 of its levels.

You collected 118 gold pieces.

Inventory:

Hand Weapons
 c - a +0 dagger of venom
 j - a +3 long sword of protection (weapon)
Armour
 i - a +2 chain mail of fire resistance (worn)
Jewellery
 g - a ring of positive energy (left hand)
Wands
 a - a wand of iceblast (11)
Scrolls
 d - a scroll of teleportation
Potions
 b - a potion of lignification {unknown}
 e - a potion of flight


   Skills:
 + Level 5.4 Fighting
 + Level 2.9(3.2) Short Blades
 + Level 2.2(3.1) Long Blades
 + Level 5.0 Maces & Flails
 + Level 3.9 Armour
 + Level 4.1 Dodging
 + Level 1.4 Stealth


You had 6 spell levels left.
You didn't know any spells.
Your spell library was empty.

Dungeon Overview and Level Annotations

Branches:
Dungeon (4/15)
 Temple: D:4-7

Altars:
Cheibriados

Annotations:
D:2 Natasha


Innate Abilities, Weirdness & Mutations

You have a pair of horns on your head.
You reflexively headbutt those who attack you in melee.


Message History

You slice the phantom!!
The phantom is heavily damaged.
You are no longer berserk.
You are exhausted.
You feel yourself slow down. The phantom hits you.
The orc warrior hits you from afar with a +0 trident.
Your skin crawls.
You feel strong-willed. The orc hits you with a +0 hand axe.
The orc hits you but does no damage.
The phantom hits you but does no damage.
The orc warrior hits you from afar with a +0 trident!
The orc hits you but does no damage. The orc barely misses you.
You furiously retaliate!
You headbutt the orc. The orc warrior barely misses you.
The orc hits you but does no damage.
The phantom hits you but does no damage.
As you read the scroll of teleportation, it crumbles to dust.
You feel strangely unstable. The orc hits you with a +0 falchion.
The orc hits you but does no damage. x2
The phantom hits you but does no damage.
The orc warrior hits you but does no damage.
The orc closely misses you.
You closely miss the phantom.
The phantom is heavily damaged.
The orc hits you with a +0 hand axe.
* * * LOW HITPOINT WARNING * * *
The orc hits you but does no damage.
The phantom hits you but does no damage.
The orc warrior hits you from afar with a +0 trident.
* * * LOW HITPOINT WARNING * * *
The orc barely misses you. You furiously retaliate!
You headbutt the orc!
You kill the orc!
Trog accepts your kill. The orc barely misses you.
The orc hits you with a +1 dagger of holy wrath.
* * * LOW HITPOINT WARNING * * *
The phantom hits you.
* * * LOW HITPOINT WARNING * * *
The phantom blinks!
You blink.
The orc warrior hits you with a +0 trident!
You die...

## ##...##
####
#$...###....
#.........#
##...)..#
##.....##
#....$..#
#....o)o##
#...###§§K##
.oo..##
###o@#
...o.# ##.W#
#..S.. ##..#
#..... #..#
#..... #..#
...# ...#
...#


You could see an orc warrior, a phantom, 2 orcs and a kobold.

Vanquished Creatures
  Sigmund (D:3)
  2 orc priests
  Jessica (D:3)
  Natasha (twice) (D:2)
  Terence (D:3)
  An iguana (D:4)
  An orc wizard (D:3)
  7 adders
  A worm (D:2)
  2 dart slugs (D:1)
  13 orcs
  7 bats
  5 endoplasms
  2 giant cockroaches (D:3)
  6 goblins
  11 hobgoblins
  3 jackals (D:1)
  3 quokkas
  5 ball pythons
  2 frilled lizards (D:1)
  6 kobolds
  7 rats
89 creatures vanquished.

Notes
Turn   | Place    | Note
-------+----------+-------------------------------------------
     0 | D:1      | Nyth the Minotaur Berserker began the quest for the Orb.
     0 | D:1      | Reached XP level 1. HP: 19/19 MP: 0/0
   321 | D:1      | Reached XP level 2. HP: 23/27 MP: 1/1
  1426 | D:1      | Reached XP level 3. HP: 32/33 MP: 2/2
  1853 | D:2      | Noticed Natasha
  1857 | D:2      | Killed Natasha
  1858 | D:2      | Reached XP level 4. HP: 32/41 MP: 3/3
  1986 | D:2      | Reached ** piety under Trog
  2379 | D:2      | Noticed Natasha
  2392 | D:2      | Killed Natasha
  2393 | D:2      | Reached skill level 1 in Short Blades
  2494 | D:2      | Noticed Natasha
  3178 | D:3      | Reached XP level 5. HP: 47/47 MP: 4/4
  3290 | D:3      | Noticed Jessica
  3294 | D:3      | Killed Jessica
  3364 | D:3      | Reached skill level 5 in Fighting
  3375 | D:3      | Reached skill level 5 in Maces & Flails
  4616 | D:3      | Found a snail-covered altar of Cheibriados.
  4772 | D:3      | Noticed Terence
  4775 | D:3      | Killed Terence
  4776 | D:3      | Reached XP level 6. HP: 50/56 MP: 5/5
  4892 | D:3      | Noticed Sigmund
  4918 | D:3      | Killed Sigmund
  4919 | D:3      | Reached skill level 1 in Long Blades
  4919 | D:3      | Reached skill level 1 in Stealth
  5024 | D:3      | Found a faded altar of an unknown god.
  5216 | D:4      | Noticed an orc warrior
  5222 | D:4      | Reached XP level 7. HP: 60/61 MP: 6/6
  5230 | D:4      | Slain by an orc warrior

Illustrated notes

Levels and vault maps discovered:
D:1:      psy_arrival_fountain, layout_basic, st_stairs_13,
          palyth_stone_intersect, kennysheep_boxes
D:2:      layout_basic, amcnicky_mini_rare_corridor_liquid, uniq_natasha
D:3:      layout_basic, lemuel_crystal_altar, chequers_ecumenical_altar_grove,
          uniq_jessica, uniq_terence, uniq_sigmund, uniq_crazy_yiuf_cottage
D:4:      layout_layer_cave, portal_sewer_entry_e

Skill      XL: |  1  2  3  4  5  6 |
---------------+-------------------+-----
Maces & Flails | 4 5 |  5.0
Fighting       | 4 5 |  5.4
Dodging        | 3 4 |  4.1
Short Blades   | 1 2 |  2.9
Armour         | 3 |  3.9
Long Blades    | 2 |  2.2
Stealth        | 1 |  1.4

Action                   |  1- 3 |  4- 6 |  7- 9 || total
-------------------------+-------+-------+-------++-------
Melee: Mace              |     6 |       |       ||     6
       Dagger            |    64 |    78 |       ||   142
       Headbutt          |     6 |    16 |     2 ||    24
       Punch             |     1 |     1 |       ||     2
       Long sword        |       |    44 |     7 ||    51
Invok: Berserk           |       |     7 |       ||     7
       Trog's Hand       |       |       |     1 ||     1
  Use: Scroll            |     3 |     2 |     1 ||     6
       Potion            |       |     1 |       ||     1
Armor: Animal skin       |     3 |     5 |       ||     8
       Ring mail         |       |     7 |       ||     7
       Chain mail        |       |    43 |    15 ||    58
Dodge: Dodged            |    36 |    60 |    12 ||   108
